[Event "Titled Tuesday Blitz November 07 Late 2023"]
[White "Santos Flores, Alberto"]
[Black "Kujawski, Adam"]
[WhiteFideId "3601234"]
[BlackFideId "1100920"]
[WhiteElo "2527"]
[BlackElo "2374"]
[Result "1-0"]
[Round "5"]
[TimeControl "180+1"]
[Date "2023.11.07"]
[WhiteClock "0:00:51"]
[BlackClock "0:00:02"]
[Board "89"]

1. e4 e5 2. Nf3 Nc6 3. Bc4 Nf6 4. d3 d5 5. exd5 Nxd5 6. O-O Nb6 7. Bb5 Bd6 8. Re1 f6 9. d4 O-O 10. Bxc6 bxc6 11. dxe5 fxe5 12. Nc3 Bg4 13. Re3 e4 14. Rxe4 Bxf3 15. gxf3 Qf6 16. Kg2 Kh8 17. Be3 Nd5 18. Nxd5 cxd5 19. Rg4 c6 20. Bd4 Be5 21. Bxe5 Qxe5 22. Qd4 Rae8 23. Rd1 Qxd4 24. Rgxd4 Re2 25. R1d2 Rfe8 26. c4 Rxd2 27. Rxd2 dxc4 28. Rc2 Rb8 29. Rxc4 Rb6 30. b4 Kg8 31. a3 Kf7 32. f4 g6 33. Rc5 Kf6 34. Kf3 Ra6 35. Rc3 Kf7 36. Ke4 Ra4 37. Kd4 a5 38. Kc5 axb4 39. axb4 Ra2 40. Kxc6 Rxf2 41. b5 Rxh2 42. b6 Rb2 43. b7 h5 44. Rc5 Rxb7 45. Kxb7 h4 46. Kc6 Kf6 47. Rg5 h3 48. Rg3 Kf5 49. Rxh3 Kxf4 50. Kd5 g5 51. Rh8 g4 52. Kd4 Kf3 53. Kd3 g3 54. Rf8+ Kg4 55. Ke2 Kh3 56. Kf1 Kh2 57. Rh8# 1-0


[Site "https://www.chess.com"]

[Event "Titled Tuesday Blitz November 07 Late 2023"]
[White "Tikhonov, Viacheslav"]
[Black "Becerra, Juan David"]
[WhiteFideId "44196407"]
[BlackFideId "4404998"]
[WhiteElo "2527"]
[BlackElo "2370"]
[Result "1-0"]
[Round "5"]
[TimeControl "180+1"]
[Date "2023.11.07"]
[WhiteClock "0:01:56"]
[BlackClock "0:01:20"]
[Board "90"]

1. e4 e6 2. d4 d5 3. exd5 exd5 4. Bd3 Nc6 5. c3 Bd6 6. Qf3 Nge7 7. h3 Be6 8. Ne2 Qd7 9. Bf4 O-O-O 10. O-O f6 11. Nd2 g5 12. Bxd6 Qxd6 13. Qg3 Qd7 14. Kh2 h5 15. f4 h4 16. Qf2 g4 17. hxg4 Bxg4 18. f5 Rhg8 19. Qf4 Rg5 20. Nf3 Bxf5 21. Nxg5 fxg5 22. Qxf5 Nxf5 23. Bxf5 1-0


[Site "https://www.chess.com"]

[Event "Titled Tuesday Blitz November 07 Late 2023"]
[White "Arencibia Monduy, Antonio"]
[Black "patzersame"]
[WhiteFideId "3507939"]
[WhiteElo "2523"]
[BlackElo "2356"]
[Result "1-0"]
[Round "5"]
[TimeControl "180+1"]
[Date "2023.11.07"]
[WhiteClock "0:00:06"]
[BlackClock "0:00:05"]
[Board "91"]

1. b3 a5 2. a4 Nf6 3. Bb2 b6 4. Nf3 Bb7 5. e3 g6 6. Be2 Bg7 7. O-O O-O 8. d3 c5 9. Nbd2 d5 10. Re1 Nc6 11. e4 e6 12. Bf1 Nh5 13. Bxg7 Kxg7 14. e5 Kg8 15. Qb1 d4 16. Qd1 Rb8 17. Nc4 Ba8 18. Qd2 Ng7 19. Ng5 h6 20. Ne4 g5 21. h4 Nf5 22. Nf6+ Kh8 23. hxg5 Rg8 24. Nxg8 Qxg8 25. g3 Nb4 26. Bg2 Bxg2 27. Kxg2 Nd5 28. Rh1 Kg7 29. Rh5 Kf8 30. Rah1 Ke7 31. Nd6 hxg5 32. Nxf5+ exf5 33. Qxg5+ Qxg5 34. Rxg5 Ke6 35. Rh6+ Ke7 36. Rxf5 Nb4 37. Rh7 Nxc2 38. Rhxf7+ Ke6 39. Kf3 Nb4 40. Ke4 Nd5 41. g4 b5 42. Rh7 Nc3+ 43. Kf3 bxa4 44. Rh6+ Ke7 45. bxa4 c4 46. dxc4 d3 47. Ke3 Rb3 48. Kxd3 Nd5+ 49. Kd4 Nb4 50. Rh7+ Ke6 51. Rf6# 1-0


[Site "https://www.chess.com"]

[Event "Titled Tuesday Blitz November 07 Late 2023"]
[White "Balla, Tamas-Kristof"]
[Black "Silva Lucena, Cristian"]
[WhiteFideId "1208497"]
[BlackFideId "2232588"]
[WhiteElo "2355"]
[BlackElo "2521"]
[Result "1-0"]
[Round "5"]
[TimeControl "180+1"]
[Date "2023.11.07"]
[WhiteClock "0:00:27"]
[BlackClock "0:00:42"]
[Board "92"]

1. e4 e5 2. Nf3 Nf6 3. Nxe5 d6 4. Nf3 Nxe4 5. Nc3 Nxc3 6. dxc3 Be7 7. Bd3 Nd7 8. Be3 O-O 9. Qd2 Nf6 10. O-O-O c5 11. h3 d5 12. Bg5 Qa5 13. Kb1 Be6 14. a3 b5 15. Rhe1 Rab8 16. Bf5 Rb6 17. Bh4 b4 18. cxb4 cxb4 19. Bxe6 fxe6 20. Nd4 Ne4 21. Rxe4 dxe4 22. Bxe7 Rc8 23. Bxb4 Qe5 24. Nb3 Qh5 25. Re1 a5 26. Bxa5 Rb5 27. Bc3 Rd5 28. Qe2 Qg6 29. Qxe4 Rd1+ 30. Ka2 Qxe4 31. Rxe4 Kf7 32. a4 Rg1 33. g3 Rf1 34. Rf4+ Ke7 35. a5 g5 36. Rf3 h5 37. a6 Rc6 38. Nc5 Rd1 39. a7 Rd8 40. Bb4 Ke8 41. Ra3 Ra8 42. Ne4 Rc7 43. Bc5 g4 44. hxg4 hxg4 45. Be3 Rxc2 46. Nf6+ Ke7 47. Nxg4 Kd7 48. Rb3 Kc7 49. Ne5 Rd8 50. Nd3 Rc6 51. Bf4+ Kd7 52. Bb8 Ra6+ 53. Ra3 Rxa3+ 54. bxa3 Rxb8 55. axb8=Q 1-0


[Site "https://www.chess.com"]

[Event "Titled Tuesday Blitz November 07 Late 2023"]
[White "Maect19"]
[Black "Reprintsev, Alexander"]
[BlackFideId "14100541"]
[WhiteElo "2345"]
[BlackElo "2512"]
[Result "1/2-1/2"]
[Round "5"]
[TimeControl "180+1"]
[Date "2023.11.07"]
[WhiteClock "0:00:08"]
[BlackClock "0:00:08"]
[Board "93"]

1. d4 d5 2. Nf3 Nc6 3. e3 Bg4 4. b3 e6 5. Bb2 f5 6. Nbd2 Nf6 7. Be2 Be7 8. h3 Bh5 9. O-O O-O 10. c4 Ne4 11. Nh2 Bxe2 12. Qxe2 Bd6 13. Rfd1 Ne7 14. Ndf1 c6 15. f3 Nf6 16. Nd2 Qc7 17. Nhf1 Ng6 18. e4 fxe4 19. fxe4 Nf4 20. Qe3 dxe4 21. Nxe4 Nxe4 22. Qxe4 c5 23. d5 e5 24. Ne3 Ne2+ 25. Kh2 Rf4 26. Qc2 Nd4 27. Qd2 Raf8 28. Rf1 e4 29. Kg1 Be5 30. Ng4 h5 31. Nxe5 Rxf1+ 32. Rxf1 Rxf1+ 33. Kxf1 Qxe5 34. Kf2 h4 35. Qe3 Qf6+ 36. Kg1 Nf3+ 37. gxf3 Qxb2 38. Qxe4 Qa1+ 39. Kf2 Qxa2+ 40. Kf1 Qa1+ 41. Kf2 Qb2+ 42. Kf1 Qc1+ 43. Kf2 Qd2+ 44. Qe2 Qd4+ 45. Qe3 Qb2+ 46. Kf1 Qb1+ 47. Kf2 Qg6 48. f4 a6 49. Qe5 Qg3+ 50. Ke2 Qg2+ 51. Ke1 Qh1+ 52. Ke2 Qh2+ 53. Ke1 Qg1+ 54. Ke2 Qg2+ 55. Ke1 g6 56. Qe6+ Kg7 57. Qe7+ Kg8 58. Qe8+ Kh7 59. Qe7+ Kg8 60. Qe8+ Kg7 61. Qe7+ Kg8 1/2-1/2


[Site "https://www.chess.com"]

[Event "Titled Tuesday Blitz November 07 Late 2023"]
[White "Medeiros Jr, Francisco De Assis"]
[Black "Pavlidou, Ekaterini"]
[WhiteFideId "2114267"]
[BlackFideId "4213262"]
[WhiteElo "2511"]
[BlackElo "2344"]
[Result "0-1"]
[Round "5"]
[TimeControl "180+1"]
[Date "2023.11.07"]
[WhiteClock "0:00:11"]
[BlackClock "0:00:39"]
[Board "94"]

1. d4 Nf6 2. Nf3 b6 3. Bg5 Ne4 4. Bf4 Bb7 5. Nbd2 c5 6. dxc5 bxc5 7. c4 Qa5 8. e3 Na6 9. Bd3 Nxd2 10. Qxd2 Qxd2+ 11. Kxd2 Nb4 12. Be2 d6 13. a3 Nc6 14. Rhd1 e5 15. Bg3 f5 16. Ke1 h6 17. Nd2 g5 18. Bh5+ Kd7 19. f4 exf4 20. exf4 g4 21. Kf2 Bg7 22. Rab1 a5 23. Nf1 Bd4+ 24. Ke2 a4 25. Bf2 Ba6 26. Bxd4 Nxd4+ 27. Kf2 Bxc4 28. Ne3 Be6 29. h3 gxh3 30. gxh3 Rab8 31. Rd2 Rhg8 32. Bd1 Bb3 33. Bxb3 Rxb3 34. Rbd1 Rgb8 35. Nc4 Rxh3 36. Kg2 Rh4 37. Ne3 Rg8+ 0-1


[Site "https://www.chess.com"]

[Event "Titled Tuesday Blitz November 07 Late 2023"]
[White "Garrido, Denis"]
[Black "Nilsen, Tobias Lang"]
[WhiteFideId "601217"]
[BlackFideId "1521624"]
[WhiteElo "2323"]
[BlackElo "2509"]
[Result "0-1"]
[Round "5"]
[TimeControl "180+1"]
[Date "2023.11.07"]
[WhiteClock "0:00:32"]
[BlackClock "0:00:46"]
[Board "95"]

1. e4 e5 2. Nf3 Nc6 3. Bb5 a6 4. Ba4 Nf6 5. O-O b5 6. Bb3 Be7 7. d3 O-O 8. a4 b4 9. Nbd2 d6 10. Nc4 Be6 11. a5 Nd7 12. Ba4 Nd4 13. Nxd4 exd4 14. Bd2 Rb8 15. Bxd7 Qxd7 16. b3 f5 17. exf5 Rxf5 18. Re1 Bd5 19. Qg4 Rbf8 20. Qxd4 Bf6 21. Qa7 Bxa1 22. Nb6 Qc6 23. Nxd5 Qxd5 24. Rxa1 Rxf2 0-1


[Site "https://www.chess.com"]

[Event "Titled Tuesday Blitz November 07 Late 2023"]
[White "Ruge, Edison"]
[Black "Pinto, Daniel"]
[WhiteFideId "4401000"]
[BlackFideId "3303144"]
[WhiteElo "2298"]
[BlackElo "2509"]
[Result "0-1"]
[Round "5"]
[TimeControl "180+1"]
[Date "2023.11.07"]
[WhiteClock "0:00:03"]
[BlackClock "0:00:12"]
[Board "96"]

1. e4 e5 2. Nf3 Nc6 3. Bb5 a6 4. Ba4 Nf6 5. Qe2 d6 6. Bxc6+ bxc6 7. h3 Be7 8. d3 O-O 9. O-O Kh8 10. Rd1 c5 11. Nbd2 Ng8 12. Nf1 f5 13. exf5 Bxf5 14. Ng3 Bg6 15. Be3 Rb8 16. b3 Qe8 17. Re1 Nh6 18. Nd2 Nf5 19. Nxf5 Bxf5 20. Nf1 Bf6 21. Ng3 Bg6 22. Rad1 a5 23. a4 Bh4 24. Bd2 Qe6 25. Rf1 Rf7 26. Bxa5 Rbf8 27. Nh1 d5 28. Bd2 e4 29. Rde1 Qd7 30. dxe4 Bxe4 31. c3 Qf5 32. Qg4 Qxg4 33. hxg4 Bd3 34. Be3 Be7 35. Rd1 Bxf1 36. Kxf1 c6 37. Ke2 Rb8 38. Rb1 Bd6 39. Kd3 Rfb7 40. Kc2 d4 41. Bd2 c4 42. b4 dxc3 43. Bxc3 Bxb4 44. Ng3 Bxc3 45. Rxb7 Rxb7 46. Kxc3 Ra7 47. Kxc4 Rxa4+ 48. Kc5 Rxg4 49. Kxc6 Rd4 50. Kc5 Rd1 51. Ne4 h6 52. g3 Kh7 53. f4 h5 54. Nf2 Rd8 55. Ne4 Kg6 56. Ng5 Rd3 57. Ne4 Kf5 58. Nd6+ Kg4 59. Ne8 g6 60. Nf6+ Kxg3 61. Nd5 Rxd5+ 62. Kxd5 Kxf4 0-1


[Site "https://www.chess.com"]

[Event "Titled Tuesday Blitz November 07 Late 2023"]
[White "Sreyas Payyappat"]
[Black "Gertler, David"]
[WhiteFideId "46674969"]
[BlackFideId "2017377"]
[WhiteElo "2507"]
[BlackElo "2276"]
[Result "1-0"]
[Round "5"]
[TimeControl "180+1"]
[Date "2023.11.07"]
[WhiteClock "0:00:18"]
[BlackClock "0:00:05"]
[Board "97"]

1. e4 e5 2. Nf3 Nc6 3. Bc4 Bc5 4. c3 Qf6 5. d4 exd4 6. O-O Nge7 7. Bg5 Qg6 8. Bxe7 Nxe7 9. cxd4 Bd6 10. e5 Bb4 11. Nh4 Qh6 12. g3 O-O 13. f4 Ba5 14. f5 Bb6 15. Qd3 Nc6 16. Nf3 d6 17. Kh1 Qh5 18. e6 fxe6 19. Bxe6+ Bxe6 20. fxe6 d5 21. Nc3 Qf5 22. Qe3 Rae8 23. Rae1 Nd8 24. e7 1-0


[Site "https://www.chess.com"]

[Event "Titled Tuesday Blitz November 07 Late 2023"]
[White "TimGrutter03"]
[Black "Modric, Nesa"]
[BlackFideId "922579"]
[WhiteElo "2506"]
[BlackElo "2194"]
[Result "1-0"]
[Round "5"]
[TimeControl "180+1"]
[Date "2023.11.07"]
[WhiteClock "0:00:46"]
[BlackClock "0:00:07"]
[Board "98"]

1. c4 e6 2. Nc3 d5 3. cxd5 exd5 4. d4 Nf6 5. Bg5 c6 6. e3 h6 7. Bh4 Be7 8. Bd3 O-O 9. Qc2 Nbd7 10. Nge2 Re8 11. O-O Bd6 12. Bg3 Bxg3 13. Nxg3 Nf8 14. Rae1 Ne6 15. f3 Ng5 16. Kh1 a5 17. a4 Qd6 18. Qd2 Ne6 19. Bb1 Qf8 20. Qd3 g6 21. e4 Nf4 22. Qd2 Ne6 23. e5 Nh7 24. f4 Qg7 25. f5 Neg5 26. h4 Ne4 27. Bxe4 dxe4 28. Ncxe4 Kh8 29. Nd6 Rd8 30. fxg6 Rxd6 31. exd6 fxg6 32. Re8+ 1-0


[Site "https://www.chess.com"]

[Event "Titled Tuesday Blitz November 07 Late 2023"]
[White "Bilan, Danila"]
[Black "Sepulveda Rojas, Jorge"]
[WhiteFideId "24161918"]
[BlackFideId "3404803"]
[WhiteElo "2503"]
[BlackElo "2499"]
[Result "1-0"]
[Round "5"]
[TimeControl "180+1"]
[Date "2023.11.07"]
[WhiteClock "0:00:06"]
[BlackClock "0:00:02"]
[Board "99"]

1. d4 d5 2. Nf3 Nf6 3. c4 c6 4. Nc3 e6 5. Bg5 Nbd7 6. cxd5 cxd5 7. e3 a6 8. Bd3 Bd6 9. O-O O-O 10. Qc2 h6 11. Bh4 b5 12. e4 dxe4 13. Nxe4 Be7 14. Ne5 Bb7 15. Nc6 Bxc6 16. Qxc6 Nxe4 17. Qxe4 g6 18. Bg3 Nf6 19. Qe3 Kh7 20. h4 Nh5 21. Be5 Bxh4 22. Be4 Ra7 23. d5 Rd7 24. d6 Rxd6 25. Bxd6 Qxd6 26. Rfd1 Qe7 27. Qf3 Kg7 28. Rac1 Qb4 29. b3 Nf6 30. Bb1 Bg5 31. Rc7 Nd5 32. Rd7 Nc3 33. Qd3 Be7 34. Rxe7 Qxe7 35. Qxc3+ e5 36. Qd3 Rc8 37. Qd5 b4 38. Bd3 a5 39. Bc4 Rc5 40. Qe4 Qa7 41. Re1 a4 42. Qd3 a3 43. Rd1 Qc7 44. Qd7 Kf6 45. Qxc7 Rxc7 46. Rd6+ Kf5 47. Rb6 Rd7 48. Rxb4 Rd2 49. Ra4 Rxa2 50. Bxf7 Kf6 51. Bg8 Kg7 52. Bc4 Ra1+ 53. Kh2 Ra2 54. f3 h5 55. Ra5 Kf6 56. b4 Ra1 57. Ra6+ Kg5 58. Bd3 Kf4 59. Rxg6 Rd1 60. Bc4 Rc1 61. Bg8 Rc8 62. Bb3 Ra8 63. Ba2 Rb8 64. Ra6 Rxb4 65. Rxa3 Rb2 66. Ra4+ Kg5 67. Bd5 Kf5 68. Be4+ Kg5 69. Ra6 Kf4 70. Rf6+ Ke3 71. Rf5 Kd4 72. Rxh5 Rd2 73. Kg3 Rb2 74. Rh7 Ra2 75. Rb7 Ke3 76. Rb3+ Kd4 77. Rd3+ Kc5 78. Rd5+ Kc4 79. Rxe5 Ra7 80. Kf4 Rg7 81. g4 Rf7+ 82. Rf5 Kd4 83. Rxf7 1-0


[Site "https://www.chess.com"]

[Event "Titled Tuesday Blitz November 07 Late 2023"]
[White "Vila Dupla, Aurelio"]
[Black "Mladenovic, Stefan"]
[WhiteFideId "2203383"]
[BlackFideId "942227"]
[WhiteElo "2193"]
[BlackElo "2645"]
[Result "0-1"]
[Round "5"]
[TimeControl "180+1"]
[Date "2023.11.07"]
[WhiteClock "0:00:00"]
[BlackClock "0:00:36"]
[Board "100"]

1. Nf3 Nf6 2. d4 e6 3. g3 b5 4. Bg2 Bb7 5. O-O c5 6. c3 Be7 7. a4 b4 8. Bd2 a5 9. dxc5 Bxc5 10. cxb4 axb4 11. Bf4 d6 12. Nbd2 e5 13. Bg5 h6 14. Bxf6 Qxf6 15. Qb3 O-O 16. Rad1 Nc6 17. e3 Na5 18. Qc2 Rac8 19. Qb1 d5 20. Nh4 g5 21. Nhf3 e4 22. Nd4 Ba6 23. Nb5 Rb8 24. f3 Bxe3+ 25. Kh1 Rxb5 26. fxe4 Qg6 27. axb5 Bxb5 28. Rf5 Bxd2 29. Rxd2 Nc4 30. Rdxd5 Bc6 31. Qd3 Bxd5 32. exd5 Ne5 33. Qe4 Nd7 0-1


[Site "https://www.chess.com"]

[Event "Titled Tuesday Blitz November 07 Late 2023"]
[White "Aung Thant Zin"]
[Black "Adla, Diego"]
[WhiteFideId "13000063"]
[BlackFideId "100072"]
[WhiteElo "2028"]
[BlackElo "2631"]
[Result "0-1"]
[Round "5"]
[TimeControl "180+1"]
[Date "2023.11.07"]
[WhiteClock "0:00:00"]
[BlackClock "0:00:50"]
[Board "101"]

1. e4 e5 2. Nf3 Nc6 3. d4 exd4 4. Nxd4 Qf6 5. Nb5 Bc5 6. Qe2 Bb6 7. N1c3 Nge7 8. Be3 Ba5 9. O-O-O a6 10. Nd5 Nxd5 11. exd5 axb5 12. Bg5+ Qe5 13. dxc6 Qxe2 14. cxd7+ Bxd7 15. Bxe2 Bc6 16. f3 O-O 17. Kb1 Rfe8 18. Bd3 f6 19. Bd2 Bxd2 20. Rxd2 g6 21. Re2 Rxe2 22. Bxe2 Kf7 23. Rd1 Ke7 24. a3 f5 25. c4 bxc4 26. Bxc4 Kf6 27. Re1 Bd7 28. Kc2 g5 29. Kc3 h5 30. Rd1 Bc6 31. Re1 Re8 32. Rxe8 Bxe8 33. Kd4 b6 34. g3 c5+ 35. Ke3 h4 36. f4 b5 37. Bd5 hxg3 38. hxg3 Bd7 39. b3 gxf4+ 40. gxf4 Ke7 41. Bf3 Kd6 0-1


[Site "https://www.chess.com"]

[Event "Titled Tuesday Blitz November 07 Late 2023"]
[White "Hoffmann, Asa"]
[Black "Przybylski, Wojciech"]
[WhiteFideId "2001470"]
[BlackFideId "1117599"]
[WhiteElo "2377"]
[BlackElo "2520"]
[Result "0-1"]
[Round "5"]
[TimeControl "180+1"]
[Date "2023.11.07"]
[WhiteClock "0:00:12"]
[BlackClock "0:00:07"]
[Board "102"]

1. d4 d5 2. Bg5 h6 3. Bh4 c6 4. e3 Qb6 5. b3 e5 6. Nf3 Bg4 7. Be2 e4 8. Nfd2 Bxe2 9. Qxe2 Nd7 10. a3 g5 11. Bg3 Ngf6 12. c4 h5 13. h4 g4 14. Nc3 Be7 15. O-O Rg8 16. c5 Qd8 17. b4 Nh7 18. b5 Bxh4 19. bxc6 bxc6 20. Qa6 Rg6 21. Rab1 Be7 22. Rb7 h4 23. Bc7 Qc8 24. Rfb1 Bd8 25. Bf4 g3 26. Ndxe4 dxe4 27. Nxe4 gxf2+ 28. Kxf2 Nb8 29. Qd3 Qg4 30. Nd6+ Kf8 31. Rg1 Nd7 32. Qc4 Kg7 33. Qxf7+ Kh8 34. Rxd7 Rg7 35. Qe8+ Nf8 36. Qxf8+ Kh7 37. Rxg7+ Qxg7 38. Qxg7+ Kxg7 39. Rh1 Be7 40. Rxh4 Bxh4+ 41. Kf3 Bf6 42. e4 Bxd4 43. e5 Bxc5 44. Nf5+ Kg6 45. g4 Rd8 46. Ke4 Rd1 47. e6 Re1+ 48. Be3 Bxe3 49. Nxe3 Kf6 50. Kf4 Kxe6 51. g5 Rg1 52. Ng4 c5 53. g6 c4 54. g7 Kf7 55. Ne5+ Kxg7 56. Nxc4 Kf6 57. Ke4 Rc1 58. Kd5 Ke7 59. a4 Kd8 60. a5 Kc7 61. Kc5 Rc2 62. Kb5 Kb7 63. a6+ Kc7 64. Kc5 Rc1 65. Kb5 Rb1+ 66. Kc5 Ra1 67. Kb5 Ra2 68. Na5 Rb2+ 69. Kc5 Rb6 70. Nc4 Rxa6 71. Ne5 Re6 72. Nc4 Rh6 73. Kb5 Rg6 74. Ka5 Rf6 75. Kb5 Rh6 76. Ka5 Kb7 77. Kb5 Rh5+ 78. Kb4 Kc6 79. Na5+ Kb6 80. Nc4+ Kb7 81. Na5+ Kc7 82. Nc4 a6 83. Na5 Kb6 84. Nc4+ Kc6 85. Na5+ Kc7 86. Nc4 Kb8 87. Na5 Rb5+ 88. Ka4 Ka7 89. Nc4 Rh5 90. Na5 Kb6 91. Nc4+ Kc5 92. Na5 Rh4+ 93. Ka3 Kb5 94. Nb3 Rh3 95. Ka2 Kb4 96. Nd4 Rh2+ 97. Kb1 Rd2 98. Nc2+ Kb3 99. Na1+ Kc3 100. Nc2 Rxc2 101. Ka1 a5 102. Kb1 Kb3 103. Ka1 Rc1# 0-1


[Site "https://www.chess.com"]

[Event "Titled Tuesday Blitz November 07 Late 2023"]
[White "Ziatdinov, Raset"]
[Black "TheAlienParty"]
[WhiteFideId "2015323"]
[WhiteElo "2513"]
[BlackElo "2346"]
[Result "1-0"]
[Round "5"]
[TimeControl "180+1"]
[Date "2023.11.07"]
[WhiteClock "0:00:19"]
[BlackClock "0:00:56"]
[Board "103"]

1. e4 e5 2. Nf3 Nc6 3. Bb5 a6 4. Ba4 d6 5. O-O Bd7 6. c3 g5 7. d4 g4 8. Ne1 h5 9. f4 exd4 10. cxd4 Bg7 11. Be3 Nf6 12. Nc3 d5 13. e5 Ne4 14. Nxe4 dxe4 15. f5 Bh6 16. Nc2 Bxe3+ 17. Nxe3 Qg5 18. Qe1 Nxe5 19. dxe5 Bxa4 20. Nd5 O-O-O 21. Qxe4 Bc6 22. Rad1 Rhe8 23. Rd4 Bxd5 24. Rxd5 Rxd5 25. Qxd5 Qe3+ 26. Kh1 Rxe5 27. Qxf7 Qe2 28. Rg1 h4 29. f6 g3 30. Qg8+ Re8 31. f7 Rxg8 32. fxg8=Q+ Kd7 33. Qh7+ Kd6 34. Qxh4 gxh2 35. Qxh2+ Kd7 36. Qh3+ Kd6 37. Qg3+ Kd7 38. Rc1 c6 39. Qg7+ Kc8 40. Qg5 Kc7 41. Kg1 Kb6 42. Qc5+ Kc7 43. Qf2 Qh5 44. Re1 Qg5 45. Qf7+ Kb6 46. Qf2+ Kc7 47. Qe3 Qg4 48. Qe7+ Kb6 49. Qe3+ Kc7 50. g3 Qg7 51. Qe5+ 1-0


[Site "https://www.chess.com"]

[Event "Titled Tuesday Blitz November 07 Late 2023"]
[White "Ward, Ieuan C"]
[Black "Urbina Perez, Juan Antonio"]
[WhiteFideId "406627"]
[BlackFideId "2217368"]
[WhiteElo "2349"]
[BlackElo "2502"]
[Result "0-1"]
[Round "5"]
[TimeControl "180+1"]
[Date "2023.11.07"]
[WhiteClock "0:00:13"]
[BlackClock "0:01:20"]
[Board "104"]

1. d4 d5 2. c4 c6 3. Nf3 Nf6 4. Nc3 a6 5. cxd5 cxd5 6. Bg5 Ne4 7. Bf4 Nc6 8. e3 Bf5 9. Be2 e6 10. O-O Bd6 11. Nxe4 Bxe4 12. Bxd6 Qxd6 13. a3 O-O 14. Bd3 Bxd3 15. Qxd3 Rfc8 16. Rac1 Rc7 17. Rc3 Rac8 18. Rfc1 Ne7 19. Ne5 f6 20. Nf3 Rxc3 21. Rxc3 Rxc3 22. Qxc3 Qc6 23. Qxc6 Nxc6 24. Kf1 Kf7 25. Ke2 Ke7 26. Kd3 Kd6 27. Nd2 e5 28. f3 b6 29. Nb3 h5 30. h4 Ne7 31. g4 Ng6 32. gxh5 Nxh4 33. dxe5+ fxe5 34. f4 e4+ 35. Ke2 Nf5 36. Kf2 Ke6 37. a4 Nd6 38. Nd4+ Kf6 39. b3 Nf5 40. Nxf5 Kxf5 41. Kg3 a5 42. Kf2 Kg4 0-1


[Site "https://www.chess.com"]

[Event "Titled Tuesday Blitz November 07 Late 2023"]
[White "elmusmolamas"]
[Black "Bueno, Alfeu Junior Varela"]
[BlackFideId "2108879"]
[WhiteElo "2490"]
[BlackElo "2326"]
[Result "1-0"]
[Round "5"]
[TimeControl "180+1"]
[Date "2023.11.07"]
[WhiteClock "0:02:16"]
[BlackClock "0:01:48"]
[Board "105"]

1. e4 e6 2. d4 d5 3. Bd3 dxe4 4. Bxe4 Nf6 5. Bf3 Be7 6. Ne2 O-O 7. O-O Nbd7 8. Bf4 Bd6 9. Nbc3 Bxf4 10. Nxf4 e5 11. dxe5 Nxe5 12. Be2 Bf5 13. Qc1 Qd4 14. Rd1 Qb4 15. a3 Qa5 16. Nfd5 c5 17. Ne7+ 1-0


[Site "https://www.chess.com"]

[Event "Titled Tuesday Blitz November 07 Late 2023"]
[White "Ramadoss, Ashokkumar"]
[Black "Baches Garcia, Guillermo"]
[WhiteFideId "5040990"]
[BlackFideId "2209764"]
[WhiteElo "2326"]
[BlackElo "2469"]
[Result "1-0"]
[Round "5"]
[TimeControl "180+1"]
[Date "2023.11.07"]
[WhiteClock "0:00:53"]
[BlackClock "0:00:00"]
[Board "106"]

1. Nf3 d5 2. c4 e6 3. Qc2 Nf6 4. d4 Be7 5. cxd5 exd5 6. Bg5 Be6 7. e3 Nbd7 8. Bd3 c6 9. O-O Bd6 10. Nc3 Qc7 11. Rfc1 a6 12. Bh4 h6 13. Rab1 g5 14. Bg3 Bxg3 15. hxg3 Qd6 16. b4 Rg8 17. a4 h5 18. b5 axb5 19. axb5 c5 20. dxc5 Nxc5 21. b6 Nxd3 22. Qxd3 h4 23. Nb5 Qd8 24. Nc7+ Kf8 25. Nxa8 Qxa8 26. Qd4 Ne4 27. Nd2 Nd6 28. Qc5 Qd8 29. Qc7 Qxc7 30. Rxc7 hxg3 31. fxg3 Kg7 32. Nf3 Kg6 33. Nd4 Rb8 34. Nxe6 fxe6 35. Rf1 1-0


[Site "https://www.chess.com"]

[Event "Titled Tuesday Blitz November 07 Late 2023"]
[White "Szente Varga, Fruzsina"]
[Black "Meduri, Aakaash"]
[WhiteFideId "712264"]
[BlackFideId "2032252"]
[WhiteElo "2319"]
[BlackElo "2459"]
[Result "0-1"]
[Round "5"]
[TimeControl "180+1"]
[Date "2023.11.07"]
[WhiteClock "0:00:00"]
[BlackClock "0:00:39"]
[Board "107"]

1. e4 c5 2. Nf3 d6 3. d4 cxd4 4. Qxd4 a6 5. c4 Nc6 6. Qe3 Nf6 7. Nc3 e6 8. Bd3 Be7 9. O-O O-O 10. b3 d5 11. exd5 exd5 12. cxd5 Nxd5 13. Nxd5 Qxd5 14. Bc4 Qc5 15. Qf4 Qf5 16. Qxf5 Bxf5 17. Bb2 Rad8 18. Rad1 b5 19. Bd5 Nb4 20. Bb7 Rb8 21. Nd4 Bg6 22. Bf3 Bf6 23. Ba3 a5 24. Bxb4 axb4 25. Nc6 Rb7 26. Nxb4 Ra7 27. Bc6 Bc3 28. Nd5 b4 29. Nxc3 bxc3 30. a4 Rc7 31. Bb5 Bc2 32. Rc1 Bxb3 33. Rfe1 g6 34. Re3 Rfc8 35. g3 Be6 36. a5 Rc5 37. Bf1 Rxa5 38. Bd3 Rac5 39. Bc2 Kg7 40. h4 h6 41. Kg2 g5 42. hxg5 hxg5 43. f4 gxf4 44. gxf4 Kf6 45. Kf3 Rh8 46. Rg1 Rh3+ 47. Rg3 Bd5+ 48. Kg4 Rh2 49. Rxc3 Rxc2 50. Rxc5 Rxc5 51. Re3 Be6+ 52. Kg3 Rb5 53. Kh4 Rb4 0-1


[Site "https://www.chess.com"]

[Event "Titled Tuesday Blitz November 07 Late 2023"]
[White "Harish, Neeraj"]
[Black "Halak, Miklos"]
[WhiteFideId "30958130"]
[BlackFideId "726400"]
[WhiteElo "2274"]
[BlackElo "2450"]
[Result "1-0"]
[Round "5"]
[TimeControl "180+1"]
[Date "2023.11.07"]
[WhiteClock "0:00:09"]
[BlackClock "0:00:02"]
[Board "108"]

1. e4 c6 2. d4 d5 3. e5 c5 4. dxc5 e6 5. c3 Bxc5 6. Qg4 Ne7 7. Bd3 Ng6 8. Nf3 Nc6 9. O-O O-O 10. Re1 Qb6 11. Re2 f5 12. exf6 e5 13. Qh5 Rxf6 14. b4 Bf8 15. Ng5 h6 16. Bxg6 Rxg6 17. Qxg6 hxg5 18. Bxg5 e4 19. Nd2 Ne5 20. Qxb6 axb6 21. Be3 b5 22. Bd4 Nc4 23. Nb3 Bd7 24. Rd1 Bc6 25. Bc5 Bxc5 26. Nxc5 b6 27. Nb3 Kf7 28. f3 e3 29. Nd4 Bd7 30. Kf1 Kf6 31. Nc2 Rxa2 32. Nxe3 Nxe3+ 33. Rxe3 Be6 34. Re2 Ra3 35. Rc2 Ke5 36. Rd4 g5 37. Kf2 Rb3 38. Kg3 Ra3 39. h4 gxh4+ 40. Kxh4 Ra1 41. Kg3 Kd6 42. f4 Bf5 43. Rcd2 Be6 44. f5 Bf7 45. Kf4 Rc1 46. R2d3 Rf1+ 47. Kg5 Ke5 48. g4 Rh1 49. Re3+ Kd6 50. Kf6 Bg8 51. g5 Rh7 52. g6 Rd7 53. Re8 Bh7 54. gxh7 Rxh7 55. Kg6 Kc7 56. Kxh7 1-0


[Site "https://www.chess.com"]

[Event "Titled Tuesday Blitz November 07 Late 2023"]
[White "Melikhov, Evgeny V."]
[Black "Jovic, Stanoje"]
[WhiteFideId "4122046"]
[BlackFideId "905020"]
[WhiteElo "2386"]
[BlackElo "2443"]
[Result "0-1"]
[Round "5"]
[TimeControl "180+1"]
[Date "2023.11.07"]
[WhiteClock "0:00:10"]
[BlackClock "0:00:58"]
[Board "109"]

1. d4 Nf6 2. c4 e6 3. Nc3 Bb4 4. Qc2 d5 5. cxd5 exd5 6. Bg5 O-O 7. e3 c5 8. dxc5 Nc6 9. Bd3 d4 10. exd4 Nxd4 11. Qd2 Re8+ 12. Nge2 Bg4 13. Be3 Bxe2 14. Bxe2 Bxc5 15. O-O Nxe2+ 16. Qxe2 Bxe3 17. fxe3 Qb6 18. Rae1 Re5 19. Kh1 Rae8 20. e4 h6 21. Qf2 Qxf2 22. Rxf2 Rd8 23. Rfe2 Rd4 24. Kg1 b5 25. a3 a5 26. h3 b4 27. axb4 axb4 28. Na2 Kf8 29. Kf2 Nxe4+ 30. Kf3 f5 31. Kf4 Red5 32. Kf3 g5 33. g4 Rd3+ 34. Kg2 Rg3+ 35. Kh2 Rdd3 36. gxf5 Rxh3+ 37. Kg2 Rdg3+ 38. Kf1 Rh1# 0-1


[Site "https://www.chess.com"]